Workbook

Sheet DSCR Calculator
C1: DSCR Loan Calculator
A2: Estimate your Debt Service Coverage Ratio, monthly cash flow, and loan payment
B4: PROPERTY & LOAN DETAILS
B5: Purchase Price ($) | C5: 350000
B6: Down Payment (%) | C6: 0.25
B7: Interest Rate (annual %) | C7: 0.07
B8: Loan Term (years) | C8: 30
B9: Loan Amount (calculated) | C9: =C5*(1-C6) -> 262500
B11: MONTHLY RENTAL INCOME
B12: Gross Monthly Rental Income ($) | C12: 3200
B13: Vacancy Factor (%) | C13: 0.05
B14: Effective Monthly Rental Income | C14: =C12*(1-C13) -> 3040
B16: MONTHLY PROPERTY EXPENSES (excluding Principal & Interest)
B17: Property Taxes ($/month) | C17: 350
B18: Property Insurance ($/month) | C18: 150
B19: HOA Dues ($/month) | C19: =300/12 -> 25
B20: Total Monthly Escrow/Expenses (PITIA) | C20: =SUM(C17:C19) -> 525
B22: MONTHLY PAYMENT & DSCR RESULTS
B23: Monthly Principal & Interest (P&I) | C23: =IF(C7=0,C9/(C8*12),(C9*(C7/12))/(1-(1+C7/12)^(-C8*12))) -> 1746.419
B24: Total Monthly Debt Service (PITIA) | C24: =C23+C20 -> 2271.419
B25: Net Monthly Cash Flow (Income - PITIA) | C25: =C14-C24 -> 768.58095
B26: NOI - Annual Net Operating Income | C26: =C14*12 -> 36480
B27: Annual Debt Service (PITIA x 12) | C27: =C24*12 -> 27257.029
B29: DSCR RATIO | D29: WHAT THIS MEANS
B30: =C26/C27 -> 1.3383704 | D30: =IF(B30>=1.25,"Strong: rental income comfortably covers the loan payment.",IF(B30>=1,"Qualifying: income covers the debt service.",IF(B30>=0.75,"Below 1.0 — may still qualify under low-DSCR / no-ratio programs, often with a rate adjustment.","Well below 1.0 — unlikely to qualify without a larger down payment or higher rent."))) -> Strong: rental income comfortably covers the loan payment.
B33: How to use this sheet
B34: • Yellow cells are the only cells you need to edit — everything else calculates automatically.
B35: • DSCR = Annual Net Operating Income ÷ Annual Debt Service. Most lenders look for 1.00x–1.25x; some programs allow 0.75x or “no-ratio” qualification.
B36: • This is an educational estimate only, not a loan quote or commitment. Actual underwriting varies by lender, program, and property.
B37: • See the ‘Amortization Schedule’ tab for the full month-by-month principal and interest breakdown on this loan.

Sheet Amortization Schedule
E1: Monthly Amortization Schedule
B2: Linked to the loan amount, rate, and term entered on the DSCR Calculator tab
B4: Loan Amount | C4: ='DSCR Calculator'!C9 -> 262500 | D4: Interest Rate | E4: ='DSCR Calculator'!C7 -> 0.07 | F4: Term (yrs) | G4: ='DSCR Calculator'!C8 -> 30 | H4: Monthly P&I | J4: ='DSCR Calculator'!C23 -> 1746.419
B7: Month # | C7: Payment Date | D7: Beginning Balance | E7: Monthly Payment | F7: Interest | G7: Principal | H7: Ending Balance
B8: =IF(1<='DSCR Calculator'!$C$8*12,1,"") -> 1 | C8: =IF($B8="","",EDATE(TODAY(),1)) -> 46291 | D8: =IF($B8="","",'DSCR Calculator'!$C$9) -> 262500 | E8: =IF($B8="","",MIN('DSCR Calculator'!$C$23,D8+F8)) -> 1746.419 | F8: =IF($B8="","",D8*('DSCR Calculator'!$C$7/12)) -> 1531.25 | G8: =IF($B8="","",E8-F8) -> 215.16905 | H8: =IF($B8="","",D8-G8) -> 262284.83
B9: =IF(2<='DSCR Calculator'!$C$8*12,2,"") -> 2 | C9: =IF($B9="","",EDATE(TODAY(),2)) -> 46321 | D9: =IF($B9="","",H8) -> 262284.83 | E9: =IF($B9="","",MIN('DSCR Calculator'!$C$23,D9+F9)) -> 1746.419 | F9: =IF($B9="","",D9*('DSCR Calculator'!$C$7/12)) -> 1529.9948 | G9: =IF($B9="","",E9-F9) -> 216.4242 | H9: =IF($B9="","",D9-G9) -> 262068.41
B10: =IF(3<='DSCR Calculator'!$C$8*12,3,"") -> 3 | C10: =IF($B10="","",EDATE(TODAY(),3)) -> 46352 | D10: =IF($B10="","",H9) -> 262068.41 | E10: =IF($B10="","",MIN('DSCR Calculator'!$C$23,D10+F10)) -> 1746.419 | F10: =IF($B10="","",D10*('DSCR Calculator'!$C$7/12)) -> 1528.7324 | G10: =IF($B10="","",E10-F10) -> 217.68668 | H10: =IF($B10="","",D10-G10) -> 261850.72
B11: =IF(4<='DSCR Calculator'!$C$8*12,4,"") -> 4 | C11: =IF($B11="","",EDATE(TODAY(),4)) -> 46382 | D11: =IF($B11="","",H10) -> 261850.72 | E11: =IF($B11="","",MIN('DSCR Calculator'!$C$23,D11+F11)) -> 1746.419 | F11: =IF($B11="","",D11*('DSCR Calculator'!$C$7/12)) -> 1527.4625 | G11: =IF($B11="","",E11-F11) -> 218.95652 | H11: =IF($B11="","",D11-G11) -> 261631.76
B12: =IF(5<='DSCR Calculator'!$C$8*12,5,"") -> 5 | C12: =IF($B12="","",EDATE(TODAY(),5)) -> 46413 | D12: =IF($B12="","",H11) -> 261631.76 | E12: =IF($B12="","",MIN('DSCR Calculator'!$C$23,D12+F12)) -> 1746.419 | F12: =IF($B12="","",D12*('DSCR Calculator'!$C$7/12)) -> 1526.1853 | G12: =IF($B12="","",E12-F12) -> 220.23376 | H12: =IF($B12="","",D12-G12) -> 261411.53
B13: =IF(6<='DSCR Calculator'!$C$8*12,6,"") -> 6 | C13: =IF($B13="","",EDATE(TODAY(),6)) -> 46444 | D13: =IF($B13="","",H12) -> 261411.53 | E13: =IF($B13="","",MIN('DSCR Calculator'!$C$23,D13+F13)) -> 1746.419 | F13: =IF($B13="","",D13*('DSCR Calculator'!$C$7/12)) -> 1524.9006 | G13: =IF($B13="","",E13-F13) -> 221.51846 | H13: =IF($B13="","",D13-G13) -> 261190.01
B14: =IF(7<='DSCR Calculator'!$C$8*12,7,"") -> 7 | C14: =IF($B14="","",EDATE(TODAY(),7)) -> 46472 | D14: =IF($B14="","",H13) -> 261190.01 | E14: =IF($B14="","",MIN('DSCR Calculator'!$C$23,D14+F14)) -> 1746.419 | F14: =IF($B14="","",D14*('DSCR Calculator'!$C$7/12)) -> 1523.6084 | G14: =IF($B14="","",E14-F14) -> 222.81065 | H14: =IF($B14="","",D14-G14) -> 260967.2
B15: =IF(8<='DSCR Calculator'!$C$8*12,8,"") -> 8 | C15: =IF($B15="","",EDATE(TODAY(),8)) -> 46503 | D15: =IF($B15="","",H14) -> 260967.2 | E15: =IF($B15="","",MIN('DSCR Calculator'!$C$23,D15+F15)) -> 1746.419 | F15: =IF($B15="","",D15*('DSCR Calculator'!$C$7/12)) -> 1522.3087 | G15: =IF($B15="","",E15-F15) -> 224.11038 | H15: =IF($B15="","",D15-G15) -> 260743.09
B16: =IF(9<='DSCR Calculator'!$C$8*12,9,"") -> 9 | C16: =IF($B16="","",EDATE(TODAY(),9)) -> 46533 | D16: =IF($B16="","",H15) -> 260743.09 | E16: =IF($B16="","",MIN('DSCR Calculator'!$C$23,D16+F16)) -> 1746.419 | F16: =IF($B16="","",D16*('DSCR Calculator'!$C$7/12)) -> 1521.0014 | G16: =IF($B16="","",E16-F16) -> 225.41769 | H16: =IF($B16="","",D16-G16) -> 260517.67
B17: =IF(10<='DSCR Calculator'!$C$8*12,10,"") -> 10 | C17: =IF($B17="","",EDATE(TODAY(),10)) -> 46564 | D17: =IF($B17="","",H16) -> 260517.67 | E17: =IF($B17="","",MIN('DSCR Calculator'!$C$23,D17+F17)) -> 1746.419 | F17: =IF($B17="","",D17*('DSCR Calculator'!$C$7/12)) -> 1519.6864 | G17: =IF($B17="","",E17-F17) -> 226.73263 | H17: =IF($B17="","",D17-G17) -> 260290.94
B18: =IF(11<='DSCR Calculator'!$C$8*12,11,"") -> 11 | C18: =IF($B18="","",EDATE(TODAY(),11)) -> 46594 | D18: =IF($B18="","",H17) -> 260290.94 | E18: =IF($B18="","",MIN('DSCR Calculator'!$C$23,D18+F18)) -> 1746.419 | F18: =IF($B18="","",D18*('DSCR Calculator'!$C$7/12)) -> 1518.3638 | G18: =IF($B18="","",E18-F18) -> 228.05523 | H18: =IF($B18="","",D18-G18) -> 260062.88
B19: =IF(12<='DSCR Calculator'!$C$8*12,12,"") -> 12 | C19: =IF($B19="","",EDATE(TODAY(),12)) -> 46625 | D19: =IF($B19="","",H18) -> 260062.88 | E19: =IF($B19="","",MIN('DSCR Calculator'!$C$23,D19+F19)) -> 1746.419 | F19: =IF($B19="","",D19*('DSCR Calculator'!$C$7/12)) -> 1517.0335 | G19: =IF($B19="","",E19-F19) -> 229.38556 | H19: =IF($B19="","",D19-G19) -> 259833.5
B20: =IF(13<='DSCR Calculator'!$C$8*12,13,"") -> 13 | C20: =IF($B20="","",EDATE(TODAY(),13)) -> 46656 | D20: =IF($B20="","",H19) -> 259833.5 | E20: =IF($B20="","",MIN('DSCR Calculator'!$C$23,D20+F20)) -> 1746.419 | F20: =IF($B20="","",D20*('DSCR Calculator'!$C$7/12)) -> 1515.6954 | G20: =IF($B20="","",E20-F20) -> 230.72364 | H20: =IF($B20="","",D20-G20) -> 259602.78
B21: =IF(14<='DSCR Calculator'!$C$8*12,14,"") -> 14 | C21: =IF($B21="","",EDATE(TODAY(),14)) -> 46686 | D21: =IF($B21="","",H20) -> 259602.78 | E21: =IF($B21="","",MIN('DSCR Calculator'!$C$23,D21+F21)) -> 1746.419 | F21: =IF($B21="","",D21*('DSCR Calculator'!$C$7/12)) -> 1514.3495 | G21: =IF($B21="","",E21-F21) -> 232.06953 | H21: =IF($B21="","",D21-G21) -> 259370.71
B22: =IF(15<='DSCR Calculator'!$C$8*12,15,"") -> 15 | C22: =IF($B22="","",EDATE(TODAY(),15)) -> 46717 | D22: =IF($B22="","",H21) -> 259370.71 | E22: =IF($B22="","",MIN('DSCR Calculator'!$C$23,D22+F22)) -> 1746.419 | F22: =IF($B22="","",D22*('DSCR Calculator'!$C$7/12)) -> 1512.9958 | G22: =IF($B22="","",E22-F22) -> 233.42326 | H22: =IF($B22="","",D22-G22) -> 259137.28
B23: =IF(16<='DSCR Calculator'!$C$8*12,16,"") -> 16 | C23: =IF($B23="","",EDATE(TODAY(),16)) -> 46747 | D23: =IF($B23="","",H22) -> 259137.28 | E23: =IF($B23="","",MIN('DSCR Calculator'!$C$23,D23+F23)) -> 1746.419 | F23: =IF($B23="","",D23*('DSCR Calculator'!$C$7/12)) -> 1511.6341 | G23: =IF($B23="","",E23-F23) -> 234.7849 | H23: =IF($B23="","",D23-G23) -> 258902.5
B24: =IF(17<='DSCR Calculator'!$C$8*12,17,"") -> 17 | C24: =IF($B24="","",EDATE(TODAY(),17)) -> 46778 | D24: =IF($B24="","",H23) -> 258902.5 | E24: =IF($B24="","",MIN('DSCR Calculator'!$C$23,D24+F24)) -> 1746.419 | F24: =IF($B24="","",D24*('DSCR Calculator'!$C$7/12)) -> 1510.2646 | G24: =IF($B24="","",E24-F24) -> 236.15448 | H24: =IF($B24="","",D24-G24) -> 258666.34
B25: =IF(18<='DSCR Calculator'!$C$8*12,18,"") -> 18 | C25: =IF($B25="","",EDATE(TODAY(),18)) -> 46809 | D25: =IF($B25="","",H24) -> 258666.34 | E25: =IF($B25="","",MIN('DSCR Calculator'!$C$23,D25+F25)) -> 1746.419 | F25: =IF($B25="","",D25*('DSCR Calculator'!$C$7/12)) -> 1508.887 | G25: =IF($B25="","",E25-F25) -> 237.53205 | H25: =IF($B25="","",D25-G25) -> 258428.81
B26: =IF(19<='DSCR Calculator'!$C$8*12,19,"") -> 19 | C26: =IF($B26="","",EDATE(TODAY(),19)) -> 46838 | D26: =IF($B26="","",H25) -> 258428.81 | E26: =IF($B26="","",MIN('DSCR Calculator'!$C$23,D26+F26)) -> 1746.419 | F26: =IF($B26="","",D26*('DSCR Calculator'!$C$7/12)) -> 1507.5014 | G26: =IF($B26="","",E26-F26) -> 238.91765 | H26: =IF($B26="","",D26-G26) -> 258189.89
B27: =IF(20<='DSCR Calculator'!$C$8*12,20,"") -> 20 | C27: =IF($B27="","",EDATE(TODAY(),20)) -> 46869 | D27: =IF($B27="","",H26) -> 258189.89 | E27: =IF($B27="","",MIN('DSCR Calculator'!$C$23,D27+F27)) -> 1746.419 | F27: =IF($B27="","",D27*('DSCR Calculator'!$C$7/12)) -> 1506.1077 | G27: =IF($B27="","",E27-F27) -> 240.31134 | H27: =IF($B27="","",D27-G27) -> 257949.58
B28: =IF(21<='DSCR Calculator'!$C$8*12,21,"") -> 21 | C28: =IF($B28="","",EDATE(TODAY(),21)) -> 46899 | D28: =IF($B28="","",H27) -> 257949.58 | E28: =IF($B28="","",MIN('DSCR Calculator'!$C$23,D28+F28)) -> 1746.419 | F28: =IF($B28="","",D28*('DSCR Calculator'!$C$7/12)) -> 1504.7059 | G28: =IF($B28="","",E28-F28) -> 241.71315 | H28: =IF($B28="","",D28-G28) -> 257707.87
B29: =IF(22<='DSCR Calculator'!$C$8*12,22,"") -> 22 | C29: =IF($B29="","",EDATE(TODAY(),22)) -> 46930 | D29: =IF($B29="","",H28) -> 257707.87 | E29: =IF($B29="","",MIN('DSCR Calculator'!$C$23,D29+F29)) -> 1746.419 | F29: =IF($B29="","",D29*('DSCR Calculator'!$C$7/12)) -> 1503.2959 | G29: =IF($B29="","",E29-F29) -> 243.12315 | H29: =IF($B29="","",D29-G29) -> 257464.75
B30: =IF(23<='DSCR Calculator'!$C$8*12,23,"") -> 23 | C30: =IF($B30="","",EDATE(TODAY(),23)) -> 46960 | D30: =IF($B30="","",H29) -> 257464.75 | E30: =IF($B30="","",MIN('DSCR Calculator'!$C$23,D30+F30)) -> 1746.419 | F30: =IF($B30="","",D30*('DSCR Calculator'!$C$7/12)) -> 1501.8777 | G30: =IF($B30="","",E30-F30) -> 244.54136 | H30: =IF($B30="","",D30-G30) -> 257220.2
B31: =IF(24<='DSCR Calculator'!$C$8*12,24,"") -> 24 | C31: =IF($B31="","",EDATE(TODAY(),24)) -> 46991 | D31: =IF($B31="","",H30) -> 257220.2 | E31: =IF($B31="","",MIN('DSCR Calculator'!$C$23,D31+F31)) -> 1746.419 | F31: =IF($B31="","",D31*('DSCR Calculator'!$C$7/12)) -> 1500.4512 | G31: =IF($B31="","",E31-F31) -> 245.96786 | H31: =IF($B31="","",D31-G31) -> 256974.24
B32: =IF(25<='DSCR Calculator'!$C$8*12,25,"") -> 25 | C32: =IF($B32="","",EDATE(TODAY(),25)) -> 47022 | D32: =IF($B32="","",H31) -> 256974.24 | E32: =IF($B32="","",MIN('DSCR Calculator'!$C$23,D32+F32)) -> 1746.419 | F32: =IF($B32="","",D32*('DSCR Calculator'!$C$7/12)) -> 1499.0164 | G32: =IF($B32="","",E32-F32) -> 247.40267 | H32: =IF($B32="","",D32-G32) -> 256726.83
B33: =IF(26<='DSCR Calculator'!$C$8*12,26,"") -> 26 | C33: =IF($B33="","",EDATE(TODAY(),26)) -> 47052 | D33: =IF($B33="","",H32) -> 256726.83 | E33: =IF($B33="","",MIN('DSCR Calculator'!$C$23,D33+F33)) -> 1746.419 | F33: =IF($B33="","",D33*('DSCR Calculator'!$C$7/12)) -> 1497.5732 | G33: =IF($B33="","",E33-F33) -> 248.84585 | H33: =IF($B33="","",D33-G33) -> 256477.99
B34: =IF(27<='DSCR Calculator'!$C$8*12,27,"") -> 27 | C34: =IF($B34="","",EDATE(TODAY(),27)) -> 47083 | D34: =IF($B34="","",H33) -> 256477.99 | E34: =IF($B34="","",MIN('DSCR Calculator'!$C$23,D34+F34)) -> 1746.419 | F34: =IF($B34="","",D34*('DSCR Calculator'!$C$7/12)) -> 1496.1216 | G34: =IF($B34="","",E34-F34) -> 250.29745 | H34: =IF($B34="","",D34-G34) -> 256227.69
B35: =IF(28<='DSCR Calculator'!$C$8*12,28,"") -> 28 | C35: =IF($B35="","",EDATE(TODAY(),28)) -> 47113 | D35: =IF($B35="","",H34) -> 256227.69 | E35: =IF($B35="","",MIN('DSCR Calculator'!$C$23,D35+F35)) -> 1746.419 | F35: =IF($B35="","",D35*('DSCR Calculator'!$C$7/12)) -> 1494.6615 | G35: =IF($B35="","",E35-F35) -> 251.75752 | H35: =IF($B35="","",D35-G35) -> 255975.93
B36: =IF(29<='DSCR Calculator'!$C$8*12,29,"") -> 29 | C36: =IF($B36="","",EDATE(TODAY(),29)) -> 47144 | D36: =IF($B36="","",H35) -> 255975.93 | E36: =IF($B36="","",MIN('DSCR Calculator'!$C$23,D36+F36)) -> 1746.419 | F36: =IF($B36="","",D36*('DSCR Calculator'!$C$7/12)) -> 1493.1929 | G36: =IF($B36="","",E36-F36) -> 253.22611 | H36: =IF($B36="","",D36-G36) -> 255722.71
B37: =IF(30<='DSCR Calculator'!$C$8*12,30,"") -> 30 | C37: =IF($B37="","",EDATE(TODAY(),30)) -> 47175 | D37: =IF($B37="","",H36) -> 255722.71 | E37: =IF($B37="","",MIN('DSCR Calculator'!$C$23,D37+F37)) -> 1746.419 | F37: =IF($B37="","",D37*('DSCR Calculator'!$C$7/12)) -> 1491.7158 | G37: =IF($B37="","",E37-F37) -> 254.70326 | H37: =IF($B37="","",D37-G37) -> 255468
B38: =IF(31<='DSCR Calculator'!$C$8*12,31,"") -> 31 | C38: =IF($B38="","",EDATE(TODAY(),31)) -> 47203 | D38: =IF($B38="","",H37) -> 255468 | E38: =IF($B38="","",MIN('DSCR Calculator'!$C$23,D38+F38)) -> 1746.419 | F38: =IF($B38="","",D38*('DSCR Calculator'!$C$7/12)) -> 1490.23 | G38: =IF($B38="","",E38-F38) -> 256.18903 | H38: =IF($B38="","",D38-G38) -> 255211.81
B39: =IF(32<='DSCR Calculator'!$C$8*12,32,"") -> 32 | C39: =IF($B39="","",EDATE(TODAY(),32)) -> 47234 | D39: =IF($B39="","",H38) -> 255211.81 | E39: =IF($B39="","",MIN('DSCR Calculator'!$C$23,D39+F39)) -> 1746.419 | F39: =IF($B39="","",D39*('DSCR Calculator'!$C$7/12)) -> 1488.7356 | G39: =IF($B39="","",E39-F39) -> 257.68346 | H39: =IF($B39="","",D39-G39) -> 254954.13
B40: =IF(33<='DSCR Calculator'!$C$8*12,33,"") -> 33 | C40: =IF($B40="","",EDATE(TODAY(),33)) -> 47264 | D40: =IF($B40="","",H39) -> 254954.13 | E40: =IF($B40="","",MIN('DSCR Calculator'!$C$23,D40+F40)) -> 1746.419 | F40: =IF($B40="","",D40*('DSCR Calculator'!$C$7/12)) -> 1487.2324 | G40: =IF($B40="","",E40-F40) -> 259.18662 | H40: =IF($B40="","",D40-G40) -> 254694.94
B41: =IF(34<='DSCR Calculator'!$C$8*12,34,"") -> 34 | C41: =IF($B41="","",EDATE(TODAY(),34)) -> 47295 | D41: =IF($B41="","",H40) -> 254694.94 | E41: =IF($B41="","",MIN('DSCR Calculator'!$C$23,D41+F41)) -> 1746.419 | F41: =IF($B41="","",D41*('DSCR Calculator'!$C$7/12)) -> 1485.7205 | G41: =IF($B41="","",E41-F41) -> 260.69854 | H41: =IF($B41="","",D41-G41) -> 254434.25
B42: =IF(35<='DSCR Calculator'!$C$8*12,35,"") -> 35 | C42: =IF($B42="","",EDATE(TODAY(),35)) -> 47325 | D42: =IF($B42="","",H41) -> 254434.25 | E42: =IF($B42="","",MIN('DSCR Calculator'!$C$23,D42+F42)) -> 1746.419 | F42: =IF($B42="","",D42*('DSCR Calculator'!$C$7/12)) -> 1484.1998 | G42: =IF($B42="","",E42-F42) -> 262.21928 | H42: =IF($B42="","",D42-G42) -> 254172.03
B43: =IF(36<='DSCR Calculator'!$C$8*12,36,"") -> 36 | C43: =IF($B43="","",EDATE(TODAY(),36)) -> 47356 | D43: =IF($B43="","",H42) -> 254172.03 | E43: =IF($B43="","",MIN('DSCR Calculator'!$C$23,D43+F43)) -> 1746.419 | F43: =IF($B43="","",D43*('DSCR Calculator'!$C$7/12)) -> 1482.6702 | G43: =IF($B43="","",E43-F43) -> 263.74889 | H43: =IF($B43="","",D43-G43) -> 253908.28
B44: =IF(37<='DSCR Calculator'!$C$8*12,37,"") -> 37 | C44: =IF($B44="","",EDATE(TODAY(),37)) -> 47387 | D44: =IF($B44="","",H43) -> 253908.28 | E44: =IF($B44="","",MIN('DSCR Calculator'!$C$23,D44+F44)) -> 1746.419 | F44: =IF($B44="","",D44*('DSCR Calculator'!$C$7/12)) -> 1481.1316 | G44: =IF($B44="","",E44-F44) -> 265.28743 | H44: =IF($B44="","",D44-G44) -> 253642.99
B45: =IF(38<='DSCR Calculator'!$C$8*12,38,"") -> 38 | C45: =IF($B45="","",EDATE(TODAY(),38)) -> 47417 | D45: =IF($B45="","",H44) -> 253642.99 | E45: =IF($B45="","",MIN('DSCR Calculator'!$C$23,D45+F45)) -> 1746.419 | F45: =IF($B45="","",D45*('DSCR Calculator'!$C$7/12)) -> 1479.5841 | G45: =IF($B45="","",E45-F45) -> 266.83494 | H45: =IF($B45="","",D45-G45) -> 253376.16
B46: =IF(39<='DSCR Calculator'!$C$8*12,39,"") -> 39 | C46: =IF($B46="","",EDATE(TODAY(),39)) -> 47448 | D46: =IF($B46="","",H45) -> 253376.16 | E46: =IF($B46="","",MIN('DSCR Calculator'!$C$23,D46+F46)) -> 1746.419 | F46: =IF($B46="","",D46*('DSCR Calculator'!$C$7/12)) -> 1478.0276 | G46: =IF($B46="","",E46-F46) -> 268.39147 | H46: =IF($B46="","",D46-G46) -> 253107.76
B47: =IF(40<='DSCR Calculator'!$C$8*12,40,"") -> 40 | C47: =IF($B47="","",EDATE(TODAY(),40)) -> 47478 | D47: =IF($B47="","",H46) -> 253107.76 | E47: =IF($B47="","",MIN('DSCR Calculator'!$C$23,D47+F47)) -> 1746.419 | F47: =IF($B47="","",D47*('DSCR Calculator'!$C$7/12)) -> 1476.462 | G47: =IF($B47="","",E47-F47) -> 269.95709 | H47: =IF($B47="","",D47-G47) -> 252837.81
B48: =IF(41<='DSCR Calculator'!$C$8*12,41,"") -> 41 | C48: =IF($B48="","",EDATE(TODAY(),41)) -> 47509 | D48: =IF($B48="","",H47) -> 252837.81 | E48: =IF($B48="","",MIN('DSCR Calculator'!$C$23,D48+F48)) -> 1746.419 | F48: =IF($B48="","",D48*('DSCR Calculator'!$C$7/12)) -> 1474.8872 | G48: =IF($B48="","",E48-F48) -> 271.53184 | H48: =IF($B48="","",D48-G48) -> 252566.28
B49: =IF(42<='DSCR Calculator'!$C$8*12,42,"") -> 42 | C49: =IF($B49="","",EDATE(TODAY(),42)) -> 47540 | D49: =IF($B49="","",H48) -> 252566.28 | E49: =IF($B49="","",MIN('DSCR Calculator'!$C$23,D49+F49)) -> 1746.419 | F49: =IF($B49="","",D49*('DSCR Calculator'!$C$7/12)) -> 1473.3033 | G49: =IF($B49="","",E49-F49) -> 273.11578 | H49: =IF($B49="","",D49-G49) -> 252293.16
B50: =IF(43<='DSCR Calculator'!$C$8*12,43,"") -> 43 | C50: =IF($B50="","",EDATE(TODAY(),43)) -> 47568 | D50: =IF($B50="","",H49) -> 252293.16 | E50: =IF($B50="","",MIN('DSCR Calculator'!$C$23,D50+F50)) -> 1746.419 | F50: =IF($B50="","",D50*('DSCR Calculator'!$C$7/12)) -> 1471.7101 | G50: =IF($B50="","",E50-F50) -> 274.70895 | H50: =IF($B50="","",D50-G50) -> 252018.45
B51: =IF(44<='DSCR Calculator'!$C$8*12,44,"") -> 44 | C51: =IF($B51="","",EDATE(TODAY(),44)) -> 47599 | D51: =IF($B51="","",H50) -> 252018.45 | E51: =IF($B51="","",MIN('DSCR Calculator'!$C$23,D51+F51)) -> 1746.419 | F51: =IF($B51="","",D51*('DSCR Calculator'!$C$7/12)) -> 1470.1076 | G51: =IF($B51="","",E51-F51) -> 276.31142 | H51: =IF($B51="","",D51-G51) -> 251742.14
B52: =IF(45<='DSCR Calculator'!$C$8*12,45,"") -> 45 | C52: =IF($B52="","",EDATE(TODAY(),45)) -> 47629 | D52: =IF($B52="","",H51) -> 251742.14 | E52: =IF($B52="","",MIN('DSCR Calculator'!$C$23,D52+F52)) -> 1746.419 | F52: =IF($B52="","",D52*('DSCR Calculator'!$C$7/12)) -> 1468.4958 | G52: =IF($B52="","",E52-F52) -> 277.92324 | H52: =IF($B52="","",D52-G52) -> 251464.22
B53: =IF(46<='DSCR Calculator'!$C$8*12,46,"") -> 46 | C53: =IF($B53="","",EDATE(TODAY(),46)) -> 47660 | D53: =IF($B53="","",H52) -> 251464.22 | E53: =IF($B53="","",MIN('DSCR Calculator'!$C$23,D53+F53)) -> 1746.419 | F53: =IF($B53="","",D53*('DSCR Calculator'!$C$7/12)) -> 1466.8746 | G53: =IF($B53="","",E53-F53) -> 279.54446 | H53: =IF($B53="","",D53-G53) -> 251184.67
B54: =IF(47<='DSCR Calculator'!$C$8*12,47,"") -> 47 | C54: =IF($B54="","",EDATE(TODAY(),47)) -> 47690 | D54: =IF($B54="","",H53) -> 251184.67 | E54: =IF($B54="","",MIN('DSCR Calculator'!$C$23,D54+F54)) -> 1746.419 | F54: =IF($B54="","",D54*('DSCR Calculator'!$C$7/12)) -> 1465.2439 | G54: =IF($B54="","",E54-F54) -> 281.17513 | H54: =IF($B54="","",D54-G54) -> 250903.5
B55: =IF(48<='DSCR Calculator'!$C$8*12,48,"") -> 48 | C55: =IF($B55="","",EDATE(TODAY(),48)) -> 47721 | D55: =IF($B55="","",H54) -> 250903.5 | E55: =IF($B55="","",MIN('DSCR Calculator'!$C$23,D55+F55)) -> 1746.419 | F55: =IF($B55="","",D55*('DSCR Calculator'!$C$7/12)) -> 1463.6037 | G55: =IF($B55="","",E55-F55) -> 282.81532 | H55: =IF($B55="","",D55-G55) -> 250620.68
B56: =IF(49<='DSCR Calculator'!$C$8*12,49,"") -> 49 | C56: =IF($B56="","",EDATE(TODAY(),49)) -> 47752 | D56: =IF($B56="","",H55) -> 250620.68 | E56: =IF($B56="","",MIN('DSCR Calculator'!$C$23,D56+F56)) -> 1746.419 | F56: =IF($B56="","",D56*('DSCR Calculator'!$C$7/12)) -> 1461.954 | G56: =IF($B56="","",E56-F56) -> 284.46508 | H56: =IF($B56="","",D56-G56) -> 250336.22
B57: =IF(50<='DSCR Calculator'!$C$8*12,50,"") -> 50 | C57: =IF($B57="","",EDATE(TODAY(),50)) -> 47782 | D57: =IF($B57="","",H56) -> 250336.22 | E57: =IF($B57="","",MIN('DSCR Calculator'!$C$23,D57+F57)) -> 1746.419 | F57: =IF($B57="","",D57*('DSCR Calculator'!$C$7/12)) -> 1460.2946 | G57: =IF($B57="","",E57-F57) -> 286.12446 | H57: =IF($B57="","",D57-G57) -> 250050.09
B58: =IF(51<='DSCR Calculator'!$C$8*12,51,"") -> 51 | C58: =IF($B58="","",EDATE(TODAY(),51)) -> 47813 | D58: =IF($B58="","",H57) -> 250050.09 | E58: =IF($B58="","",MIN('DSCR Calculator'!$C$23,D58+F58)) -> 1746.419 | F58: =IF($B58="","",D58*('DSCR Calculator'!$C$7/12)) -> 1458.6255 | G58: =IF($B58="","",E58-F58) -> 287.79352 | H58: =IF($B58="","",D58-G58) -> 249762.3
B59: =IF(52<='DSCR Calculator'!$C$8*12,52,"") -> 52 | C59: =IF($B59="","",EDATE(TODAY(),52)) -> 47843 | D59: =IF($B59="","",H58) -> 249762.3 | E59: =IF($B59="","",MIN('DSCR Calculator'!$C$23,D59+F59)) -> 1746.419 | F59: =IF($B59="","",D59*('DSCR Calculator'!$C$7/12)) -> 1456.9467 | G59: =IF($B59="","",E59-F59) -> 289.47231 | H59: =IF($B59="","",D59-G59) -> 249472.83
B60: =IF(53<='DSCR Calculator'!$C$8*12,53,"") -> 53 | C60: =IF($B60="","",EDATE(TODAY(),53)) -> 47874 | D60: =IF($B60="","",H59) -> 249472.83 | E60: =IF($B60="","",MIN('DSCR Calculator'!$C$23,D60+F60)) -> 1746.419 | F60: =IF($B60="","",D60*('DSCR Calculator'!$C$7/12)) -> 1455.2582 | G60: =IF($B60="","",E60-F60) -> 291.1609 | H60: =IF($B60="","",D60-G60) -> 249181.66
B61: =IF(54<='DSCR Calculator'!$C$8*12,54,"") -> 54 | C61: =IF($B61="","",EDATE(TODAY(),54)) -> 47905 | D61: =IF($B61="","",H60) -> 249181.66 | E61: =IF($B61="","",MIN('DSCR Calculator'!$C$23,D61+F61)) -> 1746.419 | F61: =IF($B61="","",D61*('DSCR Calculator'!$C$7/12)) -> 1453.5597 | G61: =IF($B61="","",E61-F61) -> 292.85934 | H61: =IF($B61="","",D61-G61) -> 248888.81
B62: =IF(55<='DSCR Calculator'!$C$8*12,55,"") -> 55 | C62: =IF($B62="","",EDATE(TODAY(),55)) -> 47933 | D62: =IF($B62="","",H61) -> 248888.81 | E62: =IF($B62="","",MIN('DSCR Calculator'!$C$23,D62+F62)) -> 1746.419 | F62: =IF($B62="","",D62*('DSCR Calculator'!$C$7/12)) -> 1451.8514 | G62: =IF($B62="","",E62-F62) -> 294.56768 | H62: =IF($B62="","",D62-G62) -> 248594.24
B63: =IF(56<='DSCR Calculator'!$C$8*12,56,"") -> 56 | C63: =IF($B63="","",EDATE(TODAY(),56)) -> 47964 | D63: =IF($B63="","",H62) -> 248594.24 | E63: =IF($B63="","",MIN('DSCR Calculator'!$C$23,D63+F63)) -> 1746.419 | F63: =IF($B63="","",D63*('DSCR Calculator'!$C$7/12)) -> 1450.1331 | G63: =IF($B63="","",E63-F63) -> 296.286 | H63: =IF($B63="","",D63-G63) -> 248297.95
B64: =IF(57<='DSCR Calculator'!$C$8*12,57,"") -> 57 | C64: =IF($B64="","",EDATE(TODAY(),57)) -> 47994 | D64: =IF($B64="","",H63) -> 248297.95 | E64: =IF($B64="","",MIN('DSCR Calculator'!$C$23,D64+F64)) -> 1746.419 | F64: =IF($B64="","",D64*('DSCR Calculator'!$C$7/12)) -> 1448.4047 | G64: =IF($B64="","",E64-F64) -> 298.01433 | H64: =IF($B64="","",D64-G64) -> 247999.94
B65: =IF(58<='DSCR Calculator'!$C$8*12,58,"") -> 58 | C65: =IF($B65="","",EDATE(TODAY(),58)) -> 48025 | D65: =IF($B65="","",H64) -> 247999.94 | E65: =IF($B65="","",MIN('DSCR Calculator'!$C$23,D65+F65)) -> 1746.419 | F65: =IF($B65="","",D65*('DSCR Calculator'!$C$7/12)) -> 1446.6663 | G65: =IF($B65="","",E65-F65) -> 299.75275 | H65: =IF($B65="","",D65-G65) -> 247700.18
B66: =IF(59<='DSCR Calculator'!$C$8*12,59,"") -> 59 | C66: =IF($B66="","",EDATE(TODAY(),59)) -> 48055 | D66: =IF($B66="","",H65) -> 247700.18 | E66: =IF($B66="","",MIN('DSCR Calculator'!$C$23,D66+F66)) -> 1746.419 | F66: =IF($B66="","",D66*('DSCR Calculator'!$C$7/12)) -> 1444.9177 | G66: =IF($B66="","",E66-F66) -> 301.50131 | H66: =IF($B66="","",D66-G66) -> 247398.68
B67: =IF(60<='DSCR Calculator'!$C$8*12,60,"") -> 60 | C67: =IF($B67="","",EDATE(TODAY(),60)) -> 48086 | D67: =IF($B67="","",H66) -> 247398.68 | E67: =IF($B67="","",MIN('DSCR Calculator'!$C$23,D67+F67)) -> 1746.419 | F67: =IF($B67="","",D67*('DSCR Calculator'!$C$7/12)) -> 1443.159 | G67: =IF($B67="","",E67-F67) -> 303.26006 | H67: =IF($B67="","",D67-G67) -> 247095.42
B68: =IF(61<='DSCR Calculator'!$C$8*12,61,"") -> 61 | C68: =IF($B68="","",EDATE(TODAY(),61)) -> 48117 | D68: =IF($B68="","",H67) -> 247095.42 | E68: =IF($B68="","",MIN('DSCR Calculator'!$C$23,D68+F68)) -> 1746.419 | F68: =IF($B68="","",D68*('DSCR Calculator'!$C$7/12)) -> 1441.39 | G68: =IF($B68="","",E68-F68) -> 305.02908 | H68: =IF($B68="","",D68-G68) -> 246790.39
B69: =IF(62<='DSCR Calculator'!$C$8*12,62,"") -> 62 | C69: =IF($B69="","",EDATE(TODAY(),62)) -> 48147 | D69: =IF($B69="","",H68) -> 246790.39 | E69: =IF($B69="","",MIN('DSCR Calculator'!$C$23,D69+F69)) -> 1746.419 | F69: =IF($B69="","",D69*('DSCR Calculator'!$C$7/12)) -> 1439.6106 | G69: =IF($B69="","",E69-F69) -> 306.80842 | H69: =IF($B69="","",D69-G69) -> 246483.59
B70: =IF(63<='DSCR Calculator'!$C$8*12,63,"") -> 63 | C70: =IF($B70="","",EDATE(TODAY(),63)) -> 48178 | D70: =IF($B70="","",H69) -> 246483.59 | E70: =IF($B70="","",MIN('DSCR Calculator'!$C$23,D70+F70)) -> 1746.419 | F70: =IF($B70="","",D70*('DSCR Calculator'!$C$7/12)) -> 1437.8209 | G70: =IF($B70="","",E70-F70) -> 308.59813 | H70: =IF($B70="","",D70-G70) -> 246174.99
B71: =IF(64<='DSCR Calculator'!$C$8*12,64,"") -> 64 | C71: =IF($B71="","",EDATE(TODAY(),64)) -> 48208 | D71: =IF($B71="","",H70) -> 246174.99 | E71: =IF($B71="","",MIN('DSCR Calculator'!$C$23,D71+F71)) -> 1746.419 | F71: =IF($B71="","",D71*('DSCR Calculator'!$C$7/12)) -> 1436.0208 | G71: =IF($B71="","",E71-F71) -> 310.39829 | H71: =IF($B71="","",D71-G71) -> 245864.59
B72: =IF(65<='DSCR Calculator'!$C$8*12,65,"") -> 65 | C72: =IF($B72="","",EDATE(TODAY(),65)) -> 48239 | D72: =IF($B72="","",H71) -> 245864.59 | E72: =IF($B72="","",MIN('DSCR Calculator'!$C$23,D72+F72)) -> 1746.419 | F72: =IF($B72="","",D72*('DSCR Calculator'!$C$7/12)) -> 1434.2101 | G72: =IF($B72="","",E72-F72) -> 312.20894 | H72: =IF($B72="","",D72-G72) -> 245552.38
B73: =IF(66<='DSCR Calculator'!$C$8*12,66,"") -> 66 | C73: =IF($B73="","",EDATE(TODAY(),66)) -> 48270 | D73: =IF($B73="","",H72) -> 245552.38 | E73: =IF($B73="","",MIN('DSCR Calculator'!$C$23,D73+F73)) -> 1746.419 | F73: =IF($B73="","",D73*('DSCR Calculator'!$C$7/12)) -> 1432.3889 | G73: =IF($B73="","",E73-F73) -> 314.03016 | H73: =IF($B73="","",D73-G73) -> 245238.35
B74: =IF(67<='DSCR Calculator'!$C$8*12,67,"") -> 67 | C74: =IF($B74="","",EDATE(TODAY(),67)) -> 48299 | D74: =IF($B74="","",H73) -> 245238.35 | E74: =IF($B74="","",MIN('DSCR Calculator'!$C$23,D74+F74)) -> 1746.419 | F74: =IF($B74="","",D74*('DSCR Calculator'!$C$7/12)) -> 1430.557 | G74: =IF($B74="","",E74-F74) -> 315.86201 | H74: =IF($B74="","",D74-G74) -> 244922.49
B75: =IF(68<='DSCR Calculator'!$C$8*12,68,"") -> 68 | C75: =IF($B75="","",EDATE(TODAY(),68)) -> 48330 | D75: =IF($B75="","",H74) -> 244922.49 | E75: =IF($B75="","",MIN('DSCR Calculator'!$C$23,D75+F75)) -> 1746.419 | F75: =IF($B75="","",D75*('DSCR Calculator'!$C$7/12)) -> 1428.7145 | G75: =IF($B75="","",E75-F75) -> 317.70453 | H75: =IF($B75="","",D75-G75) -> 244604.78
B76: =IF(69<='DSCR Calculator'!$C$8*12,69,"") -> 69 | C76: =IF($B76="","",EDATE(TODAY(),69)) -> 48360 | D76: =IF($B76="","",H75) -> 244604.78 | E76: =IF($B76="","",MIN('DSCR Calculator'!$C$23,D76+F76)) -> 1746.419 | F76: =IF($B76="","",D76*('DSCR Calculator'!$C$7/12)) -> 1426.8612 | G76: =IF($B76="","",E76-F76) -> 319.55781 | H76: =IF($B76="","",D76-G76) -> 244285.23
B77: =IF(70<='DSCR Calculator'!$C$8*12,70,"") -> 70 | C77: =IF($B77="","",EDATE(TODAY(),70)) -> 48391 | D77: =IF($B77="","",H76) -> 244285.23 | E77: =IF($B77="","",MIN('DSCR Calculator'!$C$23,D77+F77)) -> 1746.419 | F77: =IF($B77="","",D77*('DSCR Calculator'!$C$7/12)) -> 1424.9972 | G77: =IF($B77="","",E77-F77) -> 321.4219 | H77: =IF($B77="","",D77-G77) -> 243963.8
B78: =IF(71<='DSCR Calculator'!$C$8*12,71,"") -> 71 | C78: =IF($B78="","",EDATE(TODAY(),71)) -> 48421 | D78: =IF($B78="","",H77) -> 243963.8 | E78: =IF($B78="","",MIN('DSCR Calculator'!$C$23,D78+F78)) -> 1746.419 | F78: =IF($B78="","",D78*('DSCR Calculator'!$C$7/12)) -> 1423.1222 | G78: =IF($B78="","",E78-F78) -> 323.29686 | H78: =IF($B78="","",D78-G78) -> 243640.51
B79: =IF(72<='DSCR Calculator'!$C$8*12,72,"") -> 72 | C79: =IF($B79="","",EDATE(TODAY(),72)) -> 48452 | D79: =IF($B79="","",H78) -> 243640.51 | E79: =IF($B79="","",MIN('DSCR Calculator'!$C$23,D79+F79)) -> 1746.419 | F79: =IF($B79="","",D79*('DSCR Calculator'!$C$7/12)) -> 1421.2363 | G79: =IF($B79="","",E79-F79) -> 325.18276 | H79: =IF($B79="","",D79-G79) -> 243315.32
B80: =IF(73<='DSCR Calculator'!$C$8*12,73,"") -> 73 | C80: =IF($B80="","",EDATE(TODAY(),73)) -> 48483 | D80: =IF($B80="","",H79) -> 243315.32 | E80: =IF($B80="","",MIN('DSCR Calculator'!$C$23,D80+F80)) -> 1746.419 | F80: =IF($B80="","",D80*('DSCR Calculator'!$C$7/12)) -> 1419.3394 | G80: =IF($B80="","",E80-F80) -> 327.07966 | H80: =IF($B80="","",D80-G80) -> 242988.24
B81: =IF(74<='DSCR Calculator'!$C$8*12,74,"") -> 74 | C81: =IF($B81="","",EDATE(TODAY(),74)) -> 48513 | D81: =IF($B81="","",H80) -> 242988.24 | E81: =IF($B81="","",MIN('DSCR Calculator'!$C$23,D81+F81)) -> 1746.419 | F81: =IF($B81="","",D81*('DSCR Calculator'!$C$7/12)) -> 1417.4314 | G81: =IF($B81="","",E81-F81) -> 328.98762 | H81: =IF($B81="","",D81-G81) -> 242659.26
B82: =IF(75<='DSCR Calculator'!$C$8*12,75,"") -> 75 | C82: =IF($B82="","",EDATE(TODAY(),75)) -> 48544 | D82: =IF($B82="","",H81) -> 242659.26 | E82: =IF($B82="","",MIN('DSCR Calculator'!$C$23,D82+F82)) -> 1746.419 | F82: =IF($B82="","",D82*('DSCR Calculator'!$C$7/12)) -> 1415.5123 | G82: =IF($B82="","",E82-F82) -> 330.90672 | H82: =IF($B82="","",D82-G82) -> 242328.35
B83: =IF(76<='DSCR Calculator'!$C$8*12,76,"") -> 76 | C83: =IF($B83="","",EDATE(TODAY(),76)) -> 48574 | D83: =IF($B83="","",H82) -> 242328.35 | E83: =IF($B83="","",MIN('DSCR Calculator'!$C$23,D83+F83)) -> 1746.419 | F83: =IF($B83="","",D83*('DSCR Calculator'!$C$7/12)) -> 1413.582 | G83: =IF($B83="","",E83-F83) -> 332.83701 | H83: =IF($B83="","",D83-G83) -> 241995.51
B84: =IF(77<='DSCR Calculator'!$C$8*12,77,"") -> 77 | C84: =IF($B84="","",EDATE(TODAY(),77)) -> 48605 | D84: =IF($B84="","",H83) -> 241995.51 | E84: =IF($B84="","",MIN('DSCR Calculator'!$C$23,D84+F84)) -> 1746.419 | F84: =IF($B84="","",D84*('DSCR Calculator'!$C$7/12)) -> 1411.6405 | G84: =IF($B84="","",E84-F84) -> 334.77855 | H84: =IF($B84="","",D84-G84) -> 241660.73
B85: =IF(78<='DSCR Calculator'!$C$8*12,78,"") -> 78 | C85: =IF($B85="","",EDATE(TODAY(),78)) -> 48636 | D85: =IF($B85="","",H84) -> 241660.73 | E85: =IF($B85="","",MIN('DSCR Calculator'!$C$23,D85+F85)) -> 1746.419 | F85: =IF($B85="","",D85*('DSCR Calculator'!$C$7/12)) -> 1409.6876 | G85: =IF($B85="","",E85-F85) -> 336.73143 | H85: =IF($B85="","",D85-G85) -> 241324
B86: =IF(79<='DSCR Calculator'!$C$8*12,79,"") -> 79 | C86: =IF($B86="","",EDATE(TODAY(),79)) -> 48664 | D86: =IF($B86="","",H85) -> 241324 | E86: =IF($B86="","",MIN('DSCR Calculator'!$C$23,D86+F86)) -> 1746.419 | F86: =IF($B86="","",D86*('DSCR Calculator'!$C$7/12)) -> 1407.7234 | G86: =IF($B86="","",E86-F86) -> 338.6957 | H86: =IF($B86="","",D86-G86) -> 240985.31
B87: =IF(80<='DSCR Calculator'!$C$8*12,80,"") -> 80 | C87: =IF($B87="","",EDATE(TODAY(),80)) -> 48695 | D87: =IF($B87="","",H86) -> 240985.31 | E87: =IF($B87="","",MIN('DSCR Calculator'!$C$23,D87+F87)) -> 1746.419 | F87: =IF($B87="","",D87*('DSCR Calculator'!$C$7/12)) -> 1405.7476 | G87: =IF($B87="","",E87-F87) -> 340.67142 | H87: =IF($B87="","",D87-G87) -> 240644.64
B88: =IF(81<='DSCR Calculator'!$C$8*12,81,"") -> 81 | C88: =IF($B88="","",EDATE(TODAY(),81)) -> 48725 | D88: =IF($B88="","",H87) -> 240644.64 | E88: =IF($B88="","",MIN('DSCR Calculator'!$C$23,D88+F88)) -> 1746.419 | F88: =IF($B88="","",D88*('DSCR Calculator'!$C$7/12)) -> 1403.7604 | G88: =IF($B88="","",E88-F88) -> 342.65867 | H88: =IF($B88="","",D88-G88) -> 240301.98
B89: =IF(82<='DSCR Calculator'!$C$8*12,82,"") -> 82 | C89: =IF($B89="","",EDATE(TODAY(),82)) -> 48756 | D89: =IF($B89="","",H88) -> 240301.98 | E89: =IF($B89="","",MIN('DSCR Calculator'!$C$23,D89+F89)) -> 1746.419 | F89: =IF($B89="","",D89*('DSCR Calculator'!$C$7/12)) -> 1401.7615 | G89: =IF($B89="","",E89-F89) -> 344.65751 | H89: =IF($B89="","",D89-G89) -> 239957.32
B90: =IF(83<='DSCR Calculator'!$C$8*12,83,"") -> 83 | C90: =IF($B90="","",EDATE(TODAY(),83)) -> 48786 | D90: =IF($B90="","",H89) -> 239957.32 | E90: =IF($B90="","",MIN('DSCR Calculator'!$C$23,D90+F90)) -> 1746.419 | F90: =IF($B90="","",D90*('DSCR Calculator'!$C$7/12)) -> 1399.751 | G90: =IF($B90="","",E90-F90) -> 346.66802 | H90: =IF($B90="","",D90-G90) -> 239610.65
B91: =IF(84<='DSCR Calculator'!$C$8*12,84,"") -> 84 | C91: =IF($B91="","",EDATE(TODAY(),84)) -> 48817 | D91: =IF($B91="","",H90) -> 239610.65 | E91: =IF($B91="","",MIN('DSCR Calculator'!$C$23,D91+F91)) -> 1746.419 | F91: =IF($B91="","",D91*('DSCR Calculator'!$C$7/12)) -> 1397.7288 | G91: =IF($B91="","",E91-F91) -> 348.69025 | H91: =IF($B91="","",D91-G91) -> 239261.96
B92: =IF(85<='DSCR Calculator'!$C$8*12,85,"") -> 85 | C92: =IF($B92="","",EDATE(TODAY(),85)) -> 48848 | D92: =IF($B92="","",H91) -> 239261.96 | E92: =IF($B92="","",MIN('DSCR Calculator'!$C$23,D92+F92)) -> 1746.419 | F92: =IF($B92="","",D92*('DSCR Calculator'!$C$7/12)) -> 1395.6948 | G92: =IF($B92="","",E92-F92) -> 350.72427 | H92: =IF($B92="","",D92-G92) -> 238911.24
B93: =IF(86<='DSCR Calculator'!$C$8*12,86,"") -> 86 | C93: =IF($B93="","",EDATE(TODAY(),86)) -> 48878 | D93: =IF($B93="","",H92) -> 238911.24 | E93: =IF($B93="","",MIN('DSCR Calculator'!$C$23,D93+F93)) -> 1746.419 | F93: =IF($B93="","",D93*('DSCR Calculator'!$C$7/12)) -> 1393.6489 | G93: =IF($B93="","",E93-F93) -> 352.77016 | H93: =IF($B93="","",D93-G93) -> 238558.47
B94: =IF(87<='DSCR Calculator'!$C$8*12,87,"") -> 87 | C94: =IF($B94="","",EDATE(TODAY(),87)) -> 48909 | D94: =IF($B94="","",H93) -> 238558.47 | E94: =IF($B94="","",MIN('DSCR Calculator'!$C$23,D94+F94)) -> 1746.419 | F94: =IF($B94="","",D94*('DSCR Calculator'!$C$7/12)) -> 1391.5911 | G94: =IF($B94="","",E94-F94) -> 354.82799 | H94: =IF($B94="","",D94-G94) -> 238203.64
B95: =IF(88<='DSCR Calculator'!$C$8*12,88,"") -> 88 | C95: =IF($B95="","",EDATE(TODAY(),88)) -> 48939 | D95: =IF($B95="","",H94) -> 238203.64 | E95: =IF($B95="","",MIN('DSCR Calculator'!$C$23,D95+F95)) -> 1746.419 | F95: =IF($B95="","",D95*('DSCR Calculator'!$C$7/12)) -> 1389.5212 | G95: =IF($B95="","",E95-F95) -> 356.89782 | H95: =IF($B95="","",D95-G95) -> 237846.74
B96: =IF(89<='DSCR Calculator'!$C$8*12,89,"") -> 89 | C96: =IF($B96="","",EDATE(TODAY(),89)) -> 48970 | D96: =IF($B96="","",H95) -> 237846.74 | E96: =IF($B96="","",MIN('DSCR Calculator'!$C$23,D96+F96)) -> 1746.419 | F96: =IF($B96="","",D96*('DSCR Calculator'!$C$7/12)) -> 1387.4393 | G96: =IF($B96="","",E96-F96) -> 358.97972 | H96: =IF($B96="","",D96-G96) -> 237487.76
B97: =IF(90<='DSCR Calculator'!$C$8*12,90,"") -> 90 | C97: =IF($B97="","",EDATE(TODAY(),90)) -> 49001 | D97: =IF($B97="","",H96) -> 237487.76 | E97: =IF($B97="","",MIN('DSCR Calculator'!$C$23,D97+F97)) -> 1746.419 | F97: =IF($B97="","",D97*('DSCR Calculator'!$C$7/12)) -> 1385.3453 | G97: =IF($B97="","",E97-F97) -> 361.07377 | H97: =IF($B97="","",D97-G97) -> 237126.69
B98: =IF(91<='DSCR Calculator'!$C$8*12,91,"") -> 91 | C98: =IF($B98="","",EDATE(TODAY(),91)) -> 49029 | D98: =IF($B98="","",H97) -> 237126.69 | E98: =IF($B98="","",MIN('DSCR Calculator'!$C$23,D98+F98)) -> 1746.419 | F98: =IF($B98="","",D98*('DSCR Calculator'!$C$7/12)) -> 1383.239 | G98: =IF($B98="","",E98-F98) -> 363.18004 | H98: =IF($B98="","",D98-G98) -> 236763.51
B99: =IF(92<='DSCR Calculator'!$C$8*12,92,"") -> 92 | C99: =IF($B99="","",EDATE(TODAY(),92)) -> 49060 | D99: =IF($B99="","",H98) -> 236763.51 | E99: =IF($B99="","",MIN('DSCR Calculator'!$C$23,D99+F99)) -> 1746.419 | F99: =IF($B99="","",D99*('DSCR Calculator'!$C$7/12)) -> 1381.1205 | G99: =IF($B99="","",E99-F99) -> 365.29859 | H99: =IF($B99="","",D99-G99) -> 236398.21
B100: =IF(93<='DSCR Calculator'!$C$8*12,93,"") -> 93 | C100: =IF($B100="","",EDATE(TODAY(),93)) -> 49090 | D100: =IF($B100="","",H99) -> 236398.21 | E100: =IF($B100="","",MIN('DSCR Calculator'!$C$23,D100+F100)) -> 1746.419 | F100: =IF($B100="","",D100*('DSCR Calculator'!$C$7/12)) -> 1378.9896 | G100: =IF($B100="","",E100-F100) -> 367.42949 | H100: =IF($B100="","",D100-G100) -> 236030.78
B101: =IF(94<='DSCR Calculator'!$C$8*12,94,"") -> 94 | C101: =IF($B101="","",EDATE(TODAY(),94)) -> 49121 | D101: =IF($B101="","",H100) -> 236030.78 | E101: =IF($B101="","",MIN('DSCR Calculator'!$C$23,D101+F101)) -> 1746.419 | F101: =IF($B101="","",D101*('DSCR Calculator'!$C$7/12)) -> 1376.8462 | G101: =IF($B101="","",E101-F101) -> 369.57283 | H101: =IF($B101="","",D101-G101) -> 235661.21
B102: =IF(95<='DSCR Calculator'!$C$8*12,95,"") -> 95 | C102: =IF($B102="","",EDATE(TODAY(),95)) -> 49151 | D102: =IF($B102="","",H101) -> 235661.21 | E102: =IF($B102="","",MIN('DSCR Calculator'!$C$23,D102+F102)) -> 1746.419 | F102: =IF($B102="","",D102*('DSCR Calculator'!$C$7/12)) -> 1374.6904 | G102: =IF($B102="","",E102-F102) -> 371.72867 | H102: =IF($B102="","",D102-G102) -> 235289.48
B103: =IF(96<='DSCR Calculator'!$C$8*12,96,"") -> 96 | C103: =IF($B103="","",EDATE(TODAY(),96)) -> 49182 | D103: =IF($B103="","",H102) -> 235289.48 | E103: =IF($B103="","",MIN('DSCR Calculator'!$C$23,D103+F103)) -> 1746.419 | F103: =IF($B103="","",D103*('DSCR Calculator'!$C$7/12)) -> 1372.522 | G103: =IF($B103="","",E103-F103) -> 373.89709 | H103: =IF($B103="","",D103-G103) -> 234915.58
...
